 Dungeon Crawl Stone Soup version 0.22-a0-367-gb72a975 (webtiles) character file.

85 khargal the Skirmisher (level 4, 0/26 HPs)
             Began as a Gargoyle Fighter on Apr 22, 2018.
             Killed from afar by Sigmund (6 damage)
             ... with a puff of flame
             ... on level 2 of the Dungeon.
             The game lasted 00:03:14 (1355 turns).

khargal the Skirmisher (Gargoyle Fighter)           Turns: 1355, Time: 00:03:15

Health: 0/26       AC: 11    Str: 20    XL:     4   Next: 48%
Magic:  4/4        EV:  7    Int:  8    God:
Gold:   98         SH:  0    Dex: 12    Spells: 3/3 levels left

rFire    . . .     SeeInvis .   a - +0 flail
rCold    . . .     Gourm    .   c - +0 shield
rNeg     + . .     Faith    .   b - +0 scale mail
rPois    ∞         Spirit   .   (no helmet)
rElec    +         Reflect  .   (no cloak)
rCorr    .         Harm     .   g - +0 pair of gloves
MR       .....                  (no boots)
Stlth    ..........             (no amulet)
HPRegen  0.08/turn              e - ring of flight
MPRegen  0.09/turn              (no ring)

@: confused
A: agile 1, frail 1, mutation resistance 1, negative energy resistance 1,
electricity resistance, unbreathing, petrification resistance, rot immunity, AC
+3
a: Evoke Flight


You were on level 2 of the Dungeon.
You were not hungry.

You visited 1 branch of the dungeon, and saw 2 of its levels.

You collected 98 gold pieces.

Inventory:

Hand Weapons
 a - a +0 flail (weapon)
 h - a +2 whip of venom
Armour
 b - a +0 scale mail (worn)
 c - a +0 shield (worn)
 g - a +0 pair of gloves (worn)
Jewellery
 e - a ring of flight (left hand)
Potions
 d - 2 potions of might
 l - 2 potions of haste {unknown}
Comestibles
 f - 2 rations
 m - 5 chunks of flesh


   Skills:
 + Level 3.8 Fighting
 + Level 3.4 Maces & Flails
 + Level 3.7 Armour
 + Level 0.1 Dodging
 + Level 3.7 Shields


You had 3 spell levels left.
You didn't know any spells.

Dungeon Overview and Level Annotations

Branches:
Dungeon (2/15)

Altars:

Annotations:
D:2 Sigmund


Innate Abilities, Weirdness & Mutations

You are resistant to torment.
Your stone body is resilient. (AC +3)
You are immune to poison.
You resist negative energy. (rN+)
You are resistant to electric shocks. (rElec)
You can survive without breathing.
You are immune to petrification.
You are immune to rotting.
You are agile. (Dex +2)
You are frail. (-10% HP)
You are somewhat resistant to further mutation.


Message History

Some of the chunks of flesh in your inventory have rotted away.
You closely miss something.
You hear some strange, mumbled words.
Something tries to affect you, but you resist.
You hit something but do no damage. Something hits you.
You completely miss something. Something hits you.
You miss something.
You hear some strange, mumbled words.
You are confused.
You completely miss something. Something hits you but does no damage.
You bump into the rock wall.
Something completely misses you.
You bump into the rock wall.
You closely miss something. Something hits you but does no damage.
You're too confused to move!
Something hits you!
* * * LOW HITPOINT WARNING * * *
You bump into the rock wall.
You hear some strange, mumbled words.
A puff of flame appears from out of thin air!
The puff of flame hits you!
You die...

###############
#.....#....[..#
#.###.#.#####.#
#.# #.#.# #@#
#.# #.#.# #{#
####.# #...#
#.#
..##.#######
#.#
...........#
#.#
..###.####.#
#.# ..# #.# #.#
..###.#### ..#
.>.......#


There were no monsters in sight!

Vanquished Creatures
  3 gnolls (D:2)
  An adder (D:2)
  3 oozes
  2 worms (D:2)
  7 bats
  3 goblins
  4 hobgoblins
  3 frilled lizards
  3 kobolds
  3 rats
32 creatures vanquished.

Notes
Turn   | Place    | Note
-------+----------+-------------------------------------------
     0 | D:1      | khargal the Gargoyle Fighter began the quest for the Orb.
     0 | D:1      | Reached XP level 1. HP: 14/14 MP: 1/1
   127 | D:1      | Reached XP level 2. HP: 19/19 MP: 2/2
   964 | D:2      | Reached XP level 3. HP: 19/23 MP: 3/3
  1028 | D:2      | Gained mutation: You are frail. (-10% HP) [potion of mutation]
  1028 | D:2      | Gained mutation: You are somewhat resistant to further mutation. [potion of mutation]
  1028 | D:2      | Gained mutation: You are agile. (Dex +2) [potion of mutation]
  1265 | D:2      | Reached XP level 4. HP: 23/26 MP: 4/4
  1339 | D:2      | Noticed Sigmund
  1355 | D:2      | Killed from afar by Sigmund

Vault maps used:
D:1:      lightli_arrival_farm
D:2:      wad_river_or_something, first_ration, minmay_close_crescents,
          uniq_sigmund

Skill      XL: |  1  2  3 |
---------------+----------+-----
Maces & Flails | 3 |  3.4
Fighting       | |  3.8
Armour         | |  3.7
Dodging        | |  0.1
Shields        | |  3.7

Action                   |  1- 3 |  4- 6 || total
-------------------------+-------+-------++-------
Melee: Flail             |    88 |    29 ||   117
  Use: Scroll            |     4 |       ||     4
       Potion            |     1 |       ||     1
  Eat: Chunk             |     1 |     1 ||     2
Armor: Scale mail        |    43 |    17 ||    60
Dodge: Dodged            |    20 |     6 ||    26
Block: Shield            |    45 |    18 ||    63

Table legend:
 A = Spawn XP
 B = Non-spawn XP
 C = Spawn XP percentage of total XP
 D = Spawn monster count
 E = Non-spawn monster count
 F = Spawn count percentage of total count
 G = Total turns spent on level
                    A         B        C        D         E        F      G
               +---------+---------+-------+---------+---------+-------+---------
         Total |       0 |     122 |   0.0 |       0 |      32 |   0.0 |  1355
               +---------+---------+-------+---------+---------+-------+---------
           D:1 |       0 |      20 |   0.0 |       0 |       9 |   0.0 |   877
           D:2 |       0 |     102 |   0.0 |       0 |      23 |   0.0 |   478
               +---------+---------+-------+---------+---------+-------+---------
